 Dungeon Crawl Stone Soup version 0.31.0-12-g77e489cdc1 (webtiles) character file.

Game seed: 13356933346496373867

2601 Gadfly the Covered (level 9, -14/73 HPs)
             Began as an Armataur Fighter on Feb 28, 2024.
             Was an Initiate of the Shining One.
             Demolished by a white ugly thing (16 damage)
             ... on level 6 of the Dungeon.
             The game lasted 00:08:15 (5743 turns).

Gadfly the Covered (Armataur Fighter)               Turns: 5743, Time: 00:08:16

Health: -14/73     AC: 20    Str: 23    XL:     9   Next: 33%
Magic:  13/13      EV:  2    Int: 10    God:    the Shining One [......]
Gold:   1621       SH: 10    Dex: 11    Spells: 8/8 levels left

rFire   . . .        a - +0 flail
rCold   . . .        c - +0 buckler
rNeg    . . .        t - +0 plate armour
rPois   .            i - +0 helmet
rElec   .            q - +2 cloak
rCorr   .            (no gloves)
SInv    .            m - +0 barding
Will    .....        n - amulet of reflection Stlth
                     (no ring)
HPRegen 0.32/turn    (no ring)
MPRegen 0.13/turn

%: reflection, roll
@: glowing, studying Invocations
A: large, deformed body, tough skin 3, armoured tail, roll 2
a: Renounce Religion


You were on level 6 of the Dungeon.
You worshipped the Shining One.
The Shining One was noncommittal.
You visited 1 branch of the dungeon, and saw 6 of its levels.

You collected 1621 gold pieces.

Inventory:

Hand Weapons
 a - a +0 flail (weapon)
 b - a +2 dagger of venom
Armour
 c - a +0 buckler (worn)
 i - a +0 helmet (worn)
 m - a +0 barding (worn)
 q - a +2 cloak (worn)
 t - a +0 plate armour (worn)
Jewellery
 n - an amulet of reflection (around neck)
 v - a ring of ice
Wands
 j - a wand of flame (21)
 o - a wand of polymorph (3) (quivered)
Scrolls
 e - a scroll of vulnerability
 h - 3 scrolls of amnesia
 l - a scroll of teleportation
 s - 2 scrolls of fog
 u - a scroll of identify
Potions
 d - a potion of might
 f - a potion of mutation
 g - a potion of lignification
 k - a potion of curing
 p - a potion of berserk rage
 r - a potion of heal wounds


   Skills:
 + Level 4.9 Fighting
 * Level 5.8 Maces & Flails
 + Level 6.3 Armour
 + Level 5.7 Shields
 + Level 5.9 Invocations
 * Level 5.9 Evocations


You had 8 spell levels left.
You didn't know any spells.
Your spell library contained the following spells:

 Spells                   Type           Power      Damage    Failure   Level
 Kiss of Death            Conj/Necr      0%         2d5       100%        1
 Call Imp                 Summ           0%         N/A       100%        2
 Sublimation of Blood     Necr           0%         N/A       100%        2
 Confusing Touch          Hex            0%         N/A       100%        3
 Dispel Undead            Necr           0%         3d6       100%        4
 Summon Hydra             Summ           0%         N/A       100%        7


Dungeon Overview and Level Annotations

Branches:
Dungeon (6/15)
 Temple: D:4-7

Altars:
Cheibriados
Sif Muna
Xom
Yredelemnul
The Shining One


Innate Abilities, Weirdness & Mutations

Armour fits poorly on your strangely shaped body.
You have extremely tough skin. (AC +3)
You have a long armoured tail.
You regenerate magic and health when rolling toward enemies. (Rampage Regen)


Message History

You block the white ugly thing's attack. x2
You sock the white ugly thing!
The white ugly thing is severely wounded.
You block the white ugly thing's attack.
You barely miss the white ugly thing.
The white ugly thing is severely wounded.
The white ugly thing kicks you. The white ugly thing freezes you!!
You are too injured to fight recklessly!
You are too injured to fight recklessly!
You are too injured to fight recklessly!
You are too injured to fight recklessly!
You are too injured to fight recklessly!
You are too injured to fight recklessly!
You are too injured to fight recklessly!
You hit the white ugly thing but do no damage.
The white ugly thing is severely wounded.
The white ugly thing kicks you but does no damage.
You hit the white ugly thing. You tail-slap the white ugly thing.
The white ugly thing is severely wounded.
The white ugly thing kicks you but does no damage.
You barely miss the white ugly thing.
The white ugly thing is severely wounded.
The white ugly thing kicks you but does no damage.
You hit the white ugly thing.
The white ugly thing is severely wounded.
The white ugly thing kicks you but does no damage.
You barely miss the white ugly thing.
The white ugly thing is severely wounded.
You block the white ugly thing's attack.
You hit the white ugly thing. You tail-slap the white ugly thing.
The white ugly thing is severely wounded.
The white ugly thing kicks you but does no damage.
The white ugly thing kicks you. The white ugly thing freezes you!!
* * * LOW HITPOINT WARNING * * *
You hit the white ugly thing.
The white ugly thing is almost dead.
The white ugly thing kicks you!
* * * LOW HITPOINT WARNING * * *
The white ugly thing freezes you!
You die...

♣ ♣ ♣. .♣♣♣ ♣♣.♣ ♣...
...♣♣... #..♣..#####+##
#............
#...u........
#...@........
#.>..........
#..()........
#............
#......#####
#..>...#...#
####+#......).(.#
#.......#####...#######
#.......#...#####.....#


You could see a white ugly thing.

Vanquished Creatures
  A two-headed ogre (D:6)
  A cyclops (D:6)
  Eustachio (D:4)
  An orc warrior (D:4)
  An ice beast (D:5)
  2 ogres
  A centaur (D:6)
  A crocodile (D:4)
  2 phantoms (D:5)
  2 scorpions
  A centaur zombie (D:4)
  3 jellies
  2 bombardier beetles (D:4)
  2 orc priests (D:5)
  8 hounds
  An iguana (D:6)
  2 orc wizards (D:4)
  A hound zombie (D:4)
  4 gnolls
  7 adders
  2 white imps
  2 dart slugs
  3 ribbon worms
  6 orcs
  4 endoplasms
  5 giant cockroaches
  7 goblins
  3 hobgoblins
  4 jackals (D:2)
  4 kobolds
  A quokka (D:4)
  8 ball pythons
  A bat (D:3)
  3 frilled lizards (D:1)
  6 rats
103 creatures vanquished.

Notes
Turn   | Place    | Note
-------+----------+-------------------------------------------
     0 | D:1      | Gadfly the Armataur Fighter began the quest for the Orb.
     0 | D:1      | Reached XP level 1. HP: 18/18 MP: 1/1
   387 | D:1      | Reached XP level 2. HP: 25/25 MP: 2/2
   767 | D:2      | Reached skill level 1 in Invocations
   824 | D:2      | Reached skill level 1 in Evocations
   887 | D:2      | Reached XP level 3. HP: 30/30 MP: 3/3
  1948 | D:3      | Reached skill level 4 in Armour
  2243 | D:3      | Reached XP level 4. HP: 38/38 MP: 5/5
  2248 | D:3      | Identified the +10 hand axe "Estruitac" {drain, rC+ Dex+3}
  2291 | D:3      | Identified the +0 leather armour of Honesty {+Inv Str-5
                  | Int+3 Slay+3}
  2638 | D:4      | Reached XP level 5. HP: 37/45 MP: 6/6
  2693 | D:4      | Noticed Eustachio
  2774 | D:4      | Killed Eustachio
  2775 | D:4      | Reached XP level 6. HP: 43/51 MP: 6/8
  2855 | D:4      | Found a basalt altar of Yredelemnul.
  2898 | D:4      | Found a snail-covered altar of Cheibriados.
  2978 | D:4      | Identified the +6 hand axe of the Puffball {drain, rPois
                  | Will+}
  3048 | D:4      | Found a shimmering blue altar of Sif Muna.
  3247 | D:4      | Found a glowing golden altar of the Shining One.
  3316 | D:4      | Gained mutation: You regenerate magic and health when
                  | rolling toward enemies. (Rampage Regen) [Armataur growth]
  3316 | D:4      | Reached XP level 7. HP: 35/57 MP: 9/9
  3706 | D:4      | Became a worshipper of the Shining One
  3937 | D:5      | Entered Level 5 of the Dungeon
  4009 | D:5      | Reached skill level 5 in Armour
  4299 | D:5      | Reached XP level 8. HP: 66/66 MP: 11/11
  4954 | D:5      | Found a shimmering altar of Xom.
  5239 | D:5      | Reached skill level 5 in Shields
  5402 | D:5      | Identified 2 scrolls of acquirement
  5402 | D:5      | Acquired a manual of Invocations
  5404 | D:5      | Acquired 1291 gold pieces
  5621 | D:6      | Noticed a two-headed ogre
  5625 | D:6      | Reached skill level 5 in Maces & Flails
  5625 | D:6      | Reached skill level 5 in Invocations
  5625 | D:6      | Reached skill level 5 in Evocations
  5640 | D:6      | Killed a two-headed ogre
  5641 | D:6      | Reached skill level 6 in Armour
  5641 | D:6      | Reached XP level 9. HP: 39/72 MP: 11/13
  5708 | D:6      | Noticed a cyclops
  5718 | D:6      | Killed a cyclops
  5725 | D:6      | Noticed a white ugly thing
  5743 | D:6      | HP: 2/73 [white ugly thing (8)]
  5743 | D:6      | Demolished by a white ugly thing

Illustrated notes

Levels and vault maps discovered:
D:1:      scummos_arrival_simple_crosswalls, layout_basic, st_stairs_14
D:2:      layout_basic, kennysheep_boxes
D:3:      layout_loops_cross
D:4:      layout_loops_ring, lemuel_zombie_altar_yredelemnul,
          cheibrodos_worm_habitat, mainiacjoe_overflow_alcove_2,
          nicolae_sif_muna_condensation, corexii_corridor_pit,
          chequers_big_river, kennysheep_generic_room_16, uniq_eustachio
D:5:      layout_loops_ring, regret_index_xom_buried_treasure
D:6:      lemuel_castle_with_subvaults [lemuel_castle_interior_original],
          layout_gridville, lightli_temple_of_fire,
          minmay_temple_entry_offerings, minmay_misc_feat_square,
          eino_tiny_chamber, kb_rosetta

Skill      XL: |  1  2  3  4  5  6  7  8 |
---------------+-------------------------+-----
Maces & Flails | 2 3 4 5 |  5.8
Invocations    | 1 2 3 4 5 |  5.9
Evocations     | 1 2 3 4 5 |  5.9
Fighting       | 3 4 |  4.9
Armour         | 4 5 6 |  6.3
Shields        | 4 5 |  5.7

Action                     |  1- 3 |  4- 6 |  7- 9 || total
---------------------------+-------+-------+-------++-------
  Melee: Flail             |    13 |       |   144 ||   157
         Dagger            |   107 |     2 |    51 ||   160
         Tailslap          |     9 |    13 |    39 ||    61
         Hand axe          |       |    84 |     4 ||    88
  Evoke: Wand              |       |       |     1 ||     1
    Use: Scroll            |     9 |     2 |     3 ||    14
         Potion            |     1 |       |       ||     1
 Armour: Scale mail        |    61 |       |       ||    61
         Chain mail        |     6 |    79 |    49 ||   134
         Plate armour      |       |       |   114 ||   114
  Dodge: Dodged            |    28 |    10 |    22 ||    60
  Block: Buckler           |    23 |    46 |   100 ||   169
         Reflection        |       |       |     2 ||     2
